[Event "Team 45 45 League T98"]
[Site "Internet Chess Club"]
[Date "2023.12.02"]
[Round "3"]
[White "Packerfan"]
[Black "Fischeresque930"]
[Result "0-1"]
[WhiteElo "1699"]
[BlackElo "2045"]
[Opening "English: Mikenas-Carls variation"]
[ECO "A18"]
[Time "10:00:39"]
[PlyCount "136"]
[TimeControl "2700+45"]

1. c4 Nf6 2. Nc3 e6 3. e4 d5 4. exd5 exd5 5. d4 Be7 6. Nf3 O-O 7. cxd5 Nxd5 8.
Bd3 c6 9. O-O Be6 10. a3 Nd7 11. h3 Re8 12. Nxd5 Bxd5 13. Bd2 Nf6 14. Bc3 Bd6
15. Ne5 Rc8 16. Re1 Rc7 17. Qa4 Qb8 18. Rad1 Rce7 19. b4 a6 20. Qc2 h6 21. Nc4
Bc7 22. Ne3 Be6 23. Nf5 Rd7 24. d5 Bxf5 25. Bxf5 Rxe1+ 26. Rxe1 Rxd5 27. Bxf6
gxf6 28. g4 Qd8 29. Re2 Rd1+ 30. Kg2 Qd6 31. Re3 Qh2+ 32. Kf3 Qh1+ 33. Ke2 Re1+
34. Kd2 Rxe3 35. fxe3 Qxh3 36. Qe4 Qh2+ 37. Kc1 Be5 38. Qd3 Qg1+ 39. Kc2 Qa1 40.
Bc8 Qb2+ 41. Kd1 Bc3 42. Bxb7 Qxa3 43. Bxa6 Qxb4 44. Qc4 Qd6+ 45. Ke2 Qh2+ 46.
Kd3 Qd2+ 47. Ke4 Be5 48. Bb7 Qd7 49. Bxc6 Qxg4+ 50. Kd3 Qd1+ 51. Ke4 Kg7 52. Bd5
Qg4+ 53. Kd3 Qg6+ 54. Ke2 h5 55. Qe4 Ba1 56. Qxg6+ fxg6 57. Kf3 g5 58. Be4 Be5
59. Bf5 g4+ 60. Kg2 Kh6 61. Bd7 Kg5 62. Bc8 f5 63. Bd7 Bd6 64. Bc6 Bc5 65. e4 f4
66. Bb5 f3+ 67. Kf1 Kf4 68. Bc6 g3 {White resigns} 0-1

[Event "Team 45 45 League T98"]
[Site "Internet Chess Club"]
[Date "2023.12.03"]
[Round "3"]
[White "Pawnchain"]
[Black "RD1974"]
[Result "1-0"]
[WhiteElo "1409"]
[BlackElo "1586"]
[Opening "Queen's pawn"]
[ECO "A40"]
[Time "15:00:28"]
[PlyCount "59"]
[TimeControl "2700+45"]

1. d4 e6 2. Bf4 f5 3. e3 Nf6 4. Nd2 Be7 5. Bd3 O-O 6. c3 d6 7. h4 Nbd7 8. Qb3
Nb6 9. Bxf5 Nfd5 10. Bd3 Nxf4 11. exf4 Rxf4 12. Ngf3 Bxh4 13. g3 Nd5 14. O-O-O
h6 15. gxh4 Qf6 16. Rh3 a5 17. Ne4 Qf5 18. Nxd6 Qxh3 19. Ne5 Rxf2 20. Nxc8 Qe3+
21. Kb1 Rxc8 22. c4 Qf4 23. cxd5 Rd2 24. dxe6 Rxd1+ 25. Qxd1 Re8 26. e7 Qf6 27.
Bc4+ Kh8 28. Nf7+ Kh7 29. h5 Qf5+ 30. Bd3 {Black resigns} 1-0

[Event "Team 45 45 League T98"]
[Site "Internet Chess Club"]
[Date "2023.12.03"]
[Round "3"]
[White "fishhead"]
[Black "VictorRed"]
[Result "1-0"]
[WhiteElo "1749"]
[BlackElo "1692"]
[Opening "Sicilian defense"]
[ECO "B30"]
[Time "20:00:18"]
[PlyCount "89"]
[TimeControl "2700+45"]

1. e4 c5 2. Nf3 Nc6 3. g3 e5 4. Nc3 Nf6 5. Bg2 d6 6. d3 Bg4 7. h3 Be6 8. Ng5 Bd7
9. f4 h6 10. Nf3 a6 11. O-O Qc8 12. Kh2 Qc7 13. Nd5 Nxd5 14. exd5 Nd4 15. fxe5
Nxf3+ 16. Qxf3 O-O-O 17. exd6 Bxd6 18. Bf4 f6 19. Bxd6 Qxd6 20. Qf4 Qb6 21. b3
Rde8 22. Rae1 Qa5 23. Qf2 Qc3 24. Be4 Re5 25. Re2 Rhe8 26. Qe1 Qd4 27. c3 Rxe4
28. Rxe4 Rxe4 29. Qxe4 Qxc3 30. Rf2 f5 31. Qc4 Qa5 32. a4 Kb8 33. Rc2 b6 34. d4
Kb7 35. dxc5 bxc5 36. Qxc5 Qxc5 37. Rxc5 Kb6 38. Rc4 a5 39. Kg2 g5 40. Kf3 Be8
41. Ke3 Bf7 42. Kd4 f4 43. gxf4 gxf4 44. Rc6+ Kb7 45. Rf6 {Black resigns} 1-0

[Event "Team 45 45 League T98"]
[Site "Internet Chess Club"]
[Date "2023.12.02"]
[Round "3"]
[White "julesraider"]
[Black "QuieroAprender"]
[Result "0-1"]
[WhiteElo "1591"]
[BlackElo "1664"]
[Opening "Queen's pawn game"]
[ECO "A45"]
[Time "21:31:19"]
[PlyCount "51"]
[TimeControl "2700+45"]

1. d4 Nf6 2. g3 g6 3. Bg2 c6 4. e4 d6 5. Ne2 Bg7 6. O-O Bg4 7. h3 Bc8 8. Be3
Nbd7 9. c4 e5 10. Nbc3 O-O 11. Qd2 Ne8 12. Rad1 exd4 13. Nxd4 Ne5 14. b3 c5 15.
Ndb5 Bxh3 16. f4 Bxg2 17. Kxg2 Ng4 18. f5 Nxe3+ 19. Qxe3 a6 20. fxg6 axb5 21.
gxh7+ Kh8 22. Nd5 bxc4 23. bxc4 Nf6 24. Nf4 Rxa2+ 25. Rf2 Ng4 26. Qf3 {White
resigns} 0-1

[Event "Team 45 45 League T98"]
[Site "Internet Chess Club"]
[Date "2023.12.02"]
[Round "3"]
[White "fireball"]
[Black "Sandrotov"]
[Result "1/2-1/2"]
[WhiteElo "1566"]
[BlackElo "1621"]
[Opening "Ruy Lopez: Caro variation"]
[ECO "C70"]
[Time "10:00:35"]
[PlyCount "54"]
[TimeControl "2700+45"]

1. e4 e5 2. Nf3 Nc6 3. Bb5 a6 4. Ba4 b5 5. Bb3 Nf6 6. O-O Be7 7. d3 d6 8. Nc3
Bg4 9. Be3 O-O 10. Nd5 Na5 11. h3 Nxb3 12. axb3 Be6 13. Nxe7+ Qxe7 14. c4 c5 15.
Qc2 Qb7 16. Bg5 Ne8 17. Ra2 f6 18. Be3 Nc7 19. Nh4 Rfb8 20. g4 bxc4 21. bxc4 Qb3
22. Qxb3 Rxb3 23. Rd1 Rab8 24. Bc1 g6 25. Kf1 Kf7 26. Ke2 R8b4 27. Nf3 Rb8 {Game
drawn by mutual agreement} 1/2-1/2

[Event "Team 45 45 League T98"]
[Site "Internet Chess Club"]
[Date "2023.12.03"]
[Round "3"]
[White "vollmerj"]
[Black "jfkingiii"]
[Result "0-1"]
[WhiteElo "1541"]
[BlackElo "1528"]
[Opening "Réti: King's Indian attack (Barcza system)"]
[ECO "A07"]
[Time "21:00:44"]
[PlyCount "90"]
[TimeControl "2700+45"]

1. Nf3 d5 2. g3 Nc6 3. b3 e5 4. d3 Bg4 5. Bg2 Qd7 6. Bb2 f6 7. O-O O-O-O 8. Nbd2
h5 9. e4 d4 10. a4 Bh3 11. Nh4 Bxg2 12. Kxg2 Nge7 13. Ba3 g5 14. Nf5 Nxf5 15.
exf5 Bxa3 16. Rxa3 Qxf5 17. Qf3 Qxf3+ 18. Kxf3 f5 19. a5 a6 20. Nc4 g4+ 21. Kg2
h4 22. Re1 hxg3 23. hxg3 Rh7 24. Raa1 Rdh8 25. Kf1 Nb4 26. Rac1 e4 27. dxe4 fxe4
28. Ne5 Rg7 29. Kg2 Re8 30. Nc4 Kd7 31. Rh1 b5 32. axb6 cxb6 33. Nxb6+ Kc6 34.
Rh6+ Kc7 35. Nc4 e3 36. fxe3 dxe3 37. c3 Nd3 38. Ra1 e2 39. Raxa6 e1=Q 40. Rhc6+
Kd7 41. Rd6+ Ke7 42. Ra7+ Kf8 43. Rf6+ Kg8 44. Raa6 Re2+ 45. Rf2 Rxf2# {White
checkmated} 0-1

[Event "Team 45 45 League T98"]
[Site "Internet Chess Club"]
[Date "2023.12.01"]
[Round "3"]
[White "Goli"]
[Black "Portola"]
[Result "1-0"]
[WhiteElo "1822"]
[BlackElo "1719"]
[Opening "French: exchange variation"]
[ECO "C01"]
[Time "12:30:29"]
[PlyCount "97"]
[TimeControl "2700+45"]

1. e4 e6 2. d4 d5 3. exd5 exd5 4. Bd3 Nf6 5. Bg5 Be7 6. h3 O-O 7. Nf3 Be6 8. O-O
c6 9. Re1 Re8 10. Nbd2 Nbd7 11. Ne5 Nxe5 12. dxe5 Nd7 13. Bxe7 Qxe7 14. Qh5 g6
15. Qh6 Qf8 16. Qh4 Nc5 17. Re3 Nxd3 18. cxd3 b6 19. Nf3 c5 20. Ng5 Qg7 21. Nxe6
Rxe6 22. d4 g5 23. Qg4 c4 24. Rg3 h6 25. f4 Rae8 26. f5 Rc6 27. Qf3 Rd8 28. h4
f6 29. hxg5 hxg5 30. e6 Kf8 31. Kf2 c3 32. bxc3 Ke7 33. Rh1 Rc7 34. Rgh3 Kd6 35.
Qg3+ Kc6 36. Rh6 Qf8 37. Rh7 Re7 38. R1h6 b5 39. Qh2 Rxh7 40. Rxh7 Rc8 41. e7
Qe8 42. Qh6 Kb7 43. Qxf6 Rxc3 44. Rh8 Rc2+ 45. Kg1 Rc1+ 46. Kh2 Rc6 47. Rxe8
Rxf6 48. Rf8 Rh6+ 49. Kg3 {Black resigns} 1-0

[Event "Team 45 45 League T98"]
[Site "Internet Chess Club"]
[Date "2023.12.04"]
[Round "3"]
[White "ElValero"]
[Black "fhunfi"]
[Result "0-1"]
[WhiteElo "1605"]
[BlackElo "1708"]
[Opening "QGD: 4.Nf3"]
[ECO "D37"]
[Time "16:00:33"]
[PlyCount "76"]
[TimeControl "2700+45"]

1. Nf3 e6 2. c4 d5 3. d4 Nf6 4. Nc3 a6 5. a4 Bb4 6. Bg5 h6 7. Bxf6 Qxf6 8. e3
Nc6 9. Qb3 Qd8 10. Bd3 O-O 11. O-O Bxc3 12. Qxc3 Qe7 13. Rfe1 Qb4 14. Qc2 dxc4
15. Bxc4 Rd8 16. Rac1 Bd7 17. Ba2 Rac8 18. Bb1 g6 19. h4 Ne7 20. h5 Bxa4 21. Qe4
Bc6 22. Qg4 Bxf3 23. Qxf3 Kg7 24. Qf4 Qd6 25. Qh4 Nf5 26. Qg4 Qe7 27. hxg6 fxg6
28. e4 Qh4 29. Qxh4 Nxh4 30. Re3 g5 31. Rc4 Rd7 32. Ba2 Re7 33. b4 Ng6 34. g3 c6
35. Rd3 Ree8 36. Rdc3 Rcd8 37. d5 exd5 38. exd5 Rxd5 {White resigns} 0-1

[Event "Team 45 45 League T98"]
[Site "Internet Chess Club"]
[Date "2023.12.02"]
[Round "3"]
[White "WillC"]
[Black "burlap"]
[Result "1-0"]
[WhiteElo "1575"]
[BlackElo "1345"]
[Opening "Queen's pawn game, Darooha variation "]
[ECO "D02"]
[Time "09:00:26"]
[PlyCount "45"]
[TimeControl "2700+45"]

1. d4 d5 2. Nf3 Nf6 3. b3 c6 4. e3 e6 5. Bd3 Nbd7 6. O-O Bd6 7. Bb2 O-O 8. Nbd2
Re8 9. Ne5 Nf8 10. c4 dxc4 11. Ndxc4 Qc7 12. Rc1 N8d7 13. f4 Nxe5 14. fxe5 Bxe5
15. dxe5 Nd7 16. Nd6 Re7 17. Qh5 g6 18. Qg5 Nf8 19. Rf6 Qa5 20. Rcf1 Qxa2 21.
Nxf7 Rxf7 22. Rxf7 Qxb2 23. Rxf8+ {Black resigns} 1-0

[Event "Team 45 45 League T98"]
[Site "Internet Chess Club"]
[Date "2023.11.30"]
[Round "3"]
[White "mongmong"]
[Black "ChessMaine"]
[Result "1-0"]
[WhiteElo "1494"]
[BlackElo "1432"]
[Opening "Queen's pawn game"]
[ECO "D02"]
[Time "18:00:45"]
[PlyCount "77"]
[TimeControl "2700+45"]

1. d4 d5 2. Nf3 Bf5 3. c4 e6 4. Qb3 b6 5. Nc3 dxc4 6. Qxc4 Nf6 7. Bg5 Be7 8.
Bxf6 Bxf6 9. e3 O-O 10. Be2 Qd7 11. O-O Rc8 12. Qb3 c5 13. dxc5 Rxc5 14. Rfd1
Qc6 15. Nd4 Bxd4 16. Rxd4 Qc7 17. Rad1 Nc6 18. Rd7 Qe5 19. Bf3 Rf8 20. Bxc6 Rxc6
21. Rxa7 Rd6 22. Rd7 Rxd7 23. Rxd7 Qa5 24. a3 e5 25. Rd5 Qa6 26. Rxe5 Be6 27.
Qd1 Qc4 28. Re4 Qc6 29. Rd4 Qc7 30. f3 h6 31. Qd2 Re8 32. Ne4 Rc8 33. Nc3 Re8
34. g3 Qc6 35. Kf2 Kf8 36. Rd6 Qc8 37. Rxb6 Rd8 38. Rd6 Bd7 39. Rd4 {Black
forfeits on time} 1-0

[Event "Team 45 45 League T98"]
[Site "Internet Chess Club"]
[Date "2023.12.04"]
[Round "3"]
[White "BuddyT"]
[Black "Alec-hine"]
[Result "0-1"]
[WhiteElo "1724"]
[BlackElo "1995"]
[Opening "French: advance, Milner-Barry gambit"]
[ECO "C02"]
[Time "13:01:03"]
[PlyCount "76"]
[TimeControl "2700+45"]

1. e4 e6 2. d4 d5 3. e5 c5 4. c3 Nc6 5. Nf3 Qb6 6. Bd3 cxd4 7. O-O Bd7 8. Re1
Nge7 9. h4 a6 10. h5 g6 11. Nbd2 Bg7 12. Nb3 dxc3 13. bxc3 gxh5 14. Ba3 Ng6 15.
Bd6 Bf8 16. Bxf8 Rxf8 17. Nbd4 Qc7 18. Rb1 Ncxe5 19. Nxe5 Nxe5 20. Bxh7 Nc4 21.
Qxh5 O-O-O 22. Nf3 f6 23. Nd4 e5 24. Nf5 Bxf5 25. Bxf5+ Kb8 26. Rb4 Rh8 27. Qe2
e4 28. g3 Ne5 29. Reb1 Nf3+ 30. Kf1 Rh1+ 31. Kg2 Rxb1 32. Rxb1 Rh8 33. Bh3 Rxh3
34. Kxh3 Qh7+ 35. Kg4 Qg6+ 36. Kh3 Qh5+ 37. Kg2 Qh2+ 38. Kf1 Qh1# {White
checkmated} 0-1

[Event "Team 45 45 League T98"]
[Site "Internet Chess Club"]
[Date "2023.12.02"]
[Round "3"]
[White "timcent"]
[Black "fishhead"]
[Result "1-0"]
[WhiteElo "1932"]
[BlackElo "1734"]
[Opening "King's Indian: Sämisch variation"]
[ECO "E80"]
[Time "16:00:22"]
[PlyCount "67"]
[TimeControl "2700+45"]

1. d4 Nf6 2. c4 g6 3. f3 d6 4. e4 Bg7 5. Nc3 c6 6. Be3 O-O 7. Qd2 e5 8. d5 Qc7
9. Nge2 Na6 10. g4 h5 11. h3 Bd7 12. Ng3 h4 13. Nge2 Nh7 14. g5 f5 15. gxf6 Bxf6
16. Rg1 Be8 17. f4 c5 18. O-O-O Qf7 19. Bg2 Kh8 20. Bf3 Rg8 21. Bg4 Nc7 22. Rdf1
Qe7 23. fxe5 Bxe5 24. Nf4 Nf8 25. Ne6 Nfxe6 26. dxe6 g5 27. Nd5 Nxd5 28. exd5 b5
29. Rf5 bxc4 30. Bxg5 Qg7 31. Bh6 Qg6 32. Rg5 Qh7 33. Bf5 Rxg5 34. Qxg5 {Black
resigns} 1-0

[Event "Team 45 45 League T98"]
[Site "Internet Chess Club"]
[Date "2023.12.04"]
[Round "3"]
[White "walkover"]
[Black "trombone"]
[Result "1-0"]
[WhiteElo "1739"]
[BlackElo "1764"]
[Opening "Queen's gambit declined"]
[ECO "D30"]
[Time "12:00:27"]
[PlyCount "47"]
[TimeControl "2700+45"]

1. d4 d5 2. c4 e6 3. Nf3 c5 4. e3 cxd4 5. exd4 Nf6 6. a3 Be7 7. Nc3 O-O 8. Bd3
dxc4 9. Bxc4 Nc6 10. O-O a6 11. Re1 b5 12. Ba2 Bb7 13. Qd3 Rc8 14. Bb1 h6 15.
Ne4 Re8 16. Ng3 Na5 17. Ne5 Nc4 18. Nxf7 Kxf7 19. Qg6+ Kf8 20. Bxh6 gxh6 21.
Qxh6+ Kg8 22. Nh5 Bf8 23. Qg6+ Kh8 24. Nxf6 {Black resigns} 1-0

[Event "Team 45 45 League T98"]
[Site "Internet Chess Club"]
[Date "2023.12.02"]
[Round "3"]
[White "DaveTheRook"]
[Black "Sandrotov"]
[Result "1/2-1/2"]
[WhiteElo "1457"]
[BlackElo "1614"]
[Opening "QGD: 3.Nc3"]
[ECO "D31"]
[Time "14:16:14"]
[PlyCount "53"]
[TimeControl "2700+45"]

1. d4 d5 2. c4 e6 3. Nc3 h6 4. Nf3 Nf6 5. e3 Be7 6. Bd3 O-O 7. O-O b6 8. cxd5
exd5 9. h3 Bb7 10. Bd2 Nbd7 11. Rc1 Re8 12. Qc2 c5 13. Rfe1 Rc8 14. Qb1 a6 15.
e4 cxd4 16. Nxd4 Nc5 17. Bc2 dxe4 18. Be3 Bf8 19. Red1 Qc7 20. Nb3 Nxb3 21. Bxb3
Qe5 22. Ne2 Qb5 23. Rxc8 Rxc8 24. Ng3 h5 25. Rc1 Rxc1+ 26. Qxc1 h4 27. Nf1 {Game
drawn by mutual agreement} 1/2-1/2

[Event "Team 45 45 League T98"]
[Site "Internet Chess Club"]
[Date "2023.12.01"]
[Round "3"]
[White "room-matt"]
[Black "Otelo"]
[Result "1-0"]
[WhiteElo "1824"]
[BlackElo "1985"]
[Opening "Richter-Veresov attack, Richter variation"]
[ECO "D01"]
[Time "14:10:56"]
[PlyCount "99"]
[TimeControl "2700+45"]

1. d4 d5 2. Nc3 Nf6 3. Bg5 Bf5 4. f3 Nbd7 5. Nxd5 Nxd5 6. e4 h6 7. Bh4 N7b6 8.
exf5 Ne3 9. Qc1 Nxf5 10. Bf2 Nxd4 11. Qd2 e5 12. O-O-O Ne6 13. Qc3 Bd6 14. Ne2
O-O 15. Ng3 Qe7 16. Ne4 Na4 17. Qb3 Nec5 18. Nxc5 Nxc5 19. Qc4 Rfb8 20. Qg4 Qe6
21. Qxe6 Nxe6 22. Bc4 Nf4 23. g3 b5 24. Bb3 Nh3 25. Be3 a5 26. Bd5 Ra6 27. Rhe1
a4 28. Rd3 Kf8 29. Red1 f5 30. Be6 g6 31. a3 Ke7 32. Ba2 f4 33. gxf4 exf4 34.
Bd4 Kf8 35. Be6 Ng5 36. Bd5 b4 37. Bc4 Ra5 38. Re1 bxa3 39. bxa3 Nf7 40. Re6 Rg5
41. Rf6 Rf5 42. Rxg6 Ke7 43. Rg7 Kf8 44. Be6 c5 45. Bc3 Ne5 46. Rxd6 Kxg7 47.
Bxf5 Re8 48. Be6 Kf6 49. Bd7+ Ke7 50. Bxe5 {Black resigns} 1-0

[Event "Team 45 45 League T98"]
[Site "Internet Chess Club"]
[Date "2023.12.02"]
[Round "3"]
[White "Lawkeito"]
[Black "bobhill"]
[Result "1-0"]
[WhiteElo "1827"]
[BlackElo "1902"]
[Opening "QGD: classical variation (5.Bf4)"]
[ECO "D30"]
[Time "15:04:23"]
[PlyCount "119"]
[TimeControl "2700+45"]

1. d4 d5 2. c4 e6 3. Nf3 Be7 4. Nc3 Nf6 5. Bf4 O-O 6. e3 c6 7. Bd3 Nbd7 8. O-O
Re8 9. h3 Nf8 10. Rc1 Ng6 11. Bh2 a6 12. e4 dxe4 13. Nxe4 Nxe4 14. Bxe4 Bf6 15.
Qd2 e5 16. d5 cxd5 17. cxd5 Bd7 18. Rfe1 Rc8 19. Bxg6 hxg6 20. Bxe5 Rxc1 21.
Qxc1 Qa5 22. Bxf6 Rxe1+ 23. Qxe1 Qxe1+ 24. Nxe1 gxf6 25. f4 Bb5 26. b3 Kf8 27.
Kf2 Ke7 28. Ke3 Kd6 29. Kd4 a5 30. Nc2 Ba6 31. Ne3 b6 32. Nc4+ Kc7 33. h4 Bc8
34. Nd2 Kd6 35. Ne4+ Ke7 36. Nc3 Bd7 37. Na4 b5 38. Nb6 Be8 39. Kc5 a4 40. b4 a3
41. d6+ Ke6 42. d7 Bxd7 43. Nxd7 Kxd7 44. Kxb5 Kc7 45. Ka4 Kb6 46. Kxa3 Kb5 47.
Kb3 f5 48. a4+ Kc6 49. Kc4 Kb6 50. b5 Kb7 51. Kc5 Kc7 52. b6+ Kb7 53. Kb5 f6 54.
a5 g5 55. hxg5 fxg5 56. fxg5 f4 57. g6 f3 58. gxf3 Kb8 59. g7 Kb7 60. a6+ {Black
resigns} 1-0

[Event "Team 45 45 League T98"]
[Site "Internet Chess Club"]
[Date "2023.12.04"]
[Round "3"]
[White "Beetlejuice"]
[Black "VictorRed"]
[Result "1-0"]
[WhiteElo "1698"]
[BlackElo "1676"]
[Opening "Caro-Kann: anti-anti-Caro-Kann defense"]
[ECO "A11"]
[Time "10:00:14"]
[PlyCount "73"]
[TimeControl "2700+45"]

1. c4 c6 2. e4 d5 3. cxd5 cxd5 4. exd5 Qxd5 5. Nc3 Qe5+ 6. Be2 Nc6 7. Nf3 Qa5 8.
O-O e6 9. d4 Nf6 10. Bf4 a6 11. Qb3 Be7 12. Rfd1 O-O 13. a3 Nh5 14. Be3 Nf6 15.
d5 exd5 16. Bb6 Be6 17. Bxa5 Nxa5 18. Qa4 Nc6 19. Rac1 Rfd8 20. Nd4 Bd7 21. Bf3
Ne5 22. Qb3 Nxf3+ 23. Nxf3 Bc6 24. Nd4 Rac8 25. Nxc6 bxc6 26. Qb7 Bd6 27. Qxa6
Ng4 28. g3 Bc5 29. Rc2 Ne5 30. Qe2 f6 31. Na4 Ba7 32. Nc5 d4 33. Kg2 d3 34. Nxd3
Nxd3 35. Rxd3 Re8 36. Qg4 c5 37. Rd7 {Black resigns} 1-0

[Event "Team 45 45 League T98"]
[Site "Internet Chess Club"]
[Date "2023.12.03"]
[Round "3"]
[White "THE-WARRIOR"]
[Black "discipulo"]
[Result "0-1"]
[WhiteElo "1511"]
[BlackElo "1727"]
[Opening "QGD: Tarrasch defense"]
[ECO "D32"]
[Time "14:00:22"]
[PlyCount "68"]
[TimeControl "2700+45"]

1. d4 d5 2. c4 e6 3. Nc3 c5 4. e3 Nf6 5. Nf3 Nc6 6. Be2 dxc4 7. Bxc4 a6 8. O-O
b5 9. Bd3 cxd4 10. exd4 Be7 11. Bg5 Nb4 12. Bb1 Bb7 13. a3 Nbd5 14. Ne5 O-O 15.
Qd3 Nxc3 16. bxc3 Be4 17. Qd2 Qd5 18. f3 Bxb1 19. Rfxb1 h6 20. Bh4 Qb7 21. Qd3
Nd5 22. Bg3 Qc8 23. c4 bxc4 24. Nxc4 Rd8 25. Rc1 Qd7 26. Ne5 Qb5 27. Qe4 Rac8
28. Rxc8 Rxc8 29. a4 Qb2 30. Rb1 Rc1+ 31. Rxc1 Qxc1+ 32. Kf2 Qd2+ 33. Qe2 Qxd4+
34. Ke1 Bb4+ {White resigns} 0-1

[Event "Team 45 45 League T98"]
[Site "Internet Chess Club"]
[Date "2023.12.01"]
[Round "3"]
[White "iSeba"]
[Black "primerpaso"]
[Result "1-0"]
[WhiteElo "2034"]
[BlackElo "1796"]
[Opening "Sicilian defense"]
[ECO "B27"]
[Time "09:02:20"]
[PlyCount "57"]
[TimeControl "2700+45"]

1. e4 c5 2. Nf3 c4 3. Bxc4 e6 4. Nc3 Nf6 5. e5 Ng8 6. d4 d5 7. Bd3 Ne7 8. O-O
Ng6 9. g3 Be7 10. h4 Nc6 11. h5 Nf8 12. h6 gxh6 13. Bxh6 Ng6 14. a3 Bd7 15. Qd2
Rg8 16. Ne2 Rc8 17. b4 a6 18. Kg2 f6 19. exf6 Bxf6 20. c3 Nce7 21. Ng5 Rh8 22.
Rh1 e5 23. dxe5 Bxe5 24. Nd4 Qb6 25. Rae1 Qf6 26. Ngf3 Bxd4 27. Nxd4 Kd8 28. Bg5
Qg7 29. Bxg6 {Black resigns} 1-0

[Event "Team 45 45 League T98"]
[Site "Internet Chess Club"]
[Date "2023.12.03"]
[Round "3"]
[White "Portola"]
[Black "ElValero"]
[Result "1-0"]
[WhiteElo "1731"]
[BlackElo "1617"]
[Opening "Queen's pawn game"]
[ECO "D02"]
[Time "12:30:36"]
[PlyCount "52"]
[TimeControl "2700+45"]

1. d4 d5 2. Nf3 g6 3. c3 Bg7 4. Bg5 Nf6 5. Nbd2 Nbd7 6. e3 O-O 7. Bd3 c5 8. O-O
b6 9. Qe2 Bb7 10. e4 dxe4 11. Nxe4 Nxe4 12. Bxe4 Bxe4 13. Qxe4 Nf6 14. Bxf6 Bxf6
15. dxc5 bxc5 16. Rfd1 Qb6 17. Rd2 Rfd8 18. Rad1 Rxd2 19. Rxd2 Rd8 20. Qe2 Rb8
21. Ne5 Bxe5 22. Qxe5 e6 23. Qf6 a5 24. g4 a4 25. h4 a3 26. b3 h6 {Black
resigns} 1-0

[Event "Team 45 45 League T98"]
[Site "Internet Chess Club"]
[Date "2023.11.29"]
[Round "3"]
[White "QuieroAprender"]
[Black "julesraider"]
[Result "1-0"]
[WhiteElo "1650"]
[BlackElo "1607"]
[Opening "Caro-Kann: two knights, 3...Bg4"]
[ECO "B10"]
[Time "18:38:09"]
[PlyCount "51"]
[TimeControl "2700+45"]

1. e4 c6 2. Nf3 d5 3. Nc3 Bg4 4. exd5 cxd5 5. h3 Bxf3 6. Qxf3 e6 7. Bb5+ Nc6 8.
d4 Nf6 9. Bg5 Be7 10. Bxc6+ bxc6 11. O-O O-O 12. Rfe1 Qb6 13. Red1 Qxb2 14. Rab1
Qxc2 15. Rb7 Rfe8 16. Rxe7 Rxe7 17. Bxf6 gxf6 18. Qxf6 Rb7 19. Re1 Qxc3 20. Re5
Qc1+ 21. Kh2 h6 22. Re3 Rab8 23. Qxh6 f5 24. Rg3+ Kf7 25. Rg7+ Kf8 26. Qh8#
{Black checkmated} 1-0

[Event "Team 45 45 League T98"]
[Site "Internet Chess Club"]
[Date "2023.12.01"]
[Round "3"]
[White "isolani"]
[Black "ARMAND02019"]
[Result "0-1"]
[WhiteElo "1485"]
[BlackElo "1572"]
[Opening "Queen's pawn game, Krause variation"]
[ECO "D02"]
[Time "18:02:07"]
[PlyCount "46"]
[TimeControl "2700+45"]

1. Nf3 d5 2. d4 c5 3. e3 cxd4 4. exd4 Nc6 5. Be2 Nf6 6. Nc3 e6 7. O-O Bd6 8. h3
h6 9. Be3 a6 10. a3 Qc7 11. Rc1 g5 12. Ne5 Nxe5 13. dxe5 Bxe5 14. Bd4 Nd7 15. f4
gxf4 16. Bh5 Nf6 17. Rxf4 Nxh5 18. Qxh5 Bxf4 19. Bxh8 Bxc1 20. Be5 Qb6+ 21. Kh1
Bd7 22. Bf6 Qf2 23. Qxh6 Bxh6 {White resigns} 0-1

[Event "Team 45 45 League T98"]
[Site "Internet Chess Club"]
[Date "2023.12.03"]
[Round "3"]
[White "ElValero"]
[Black "VictorRed"]
[Result "0-1"]
[WhiteElo "1629"]
[BlackElo "1707"]
[Opening "Sicilian: Keres variation (2.Ne2)"]
[ECO "B20"]
[Time "10:00:24"]
[PlyCount "70"]
[TimeControl "2700+45"]

1. e4 c5 2. Ne2 Nc6 3. g3 e5 4. Bg2 d6 5. O-O Nf6 6. Nbc3 Bg4 7. h3 Be6 8. f4
Bc4 9. d3 Ba6 10. f5 Qb6 11. Kh2 O-O-O 12. Bg5 Be7 13. Bxf6 Bxf6 14. Rb1 Rde8
15. Nd5 Qd8 16. a3 b6 17. b4 Bb7 18. c3 Nb8 19. Qa4 Bxd5 20. exd5 Qd7 21. Qxd7+
Nxd7 22. g4 h5 23. Kg1 hxg4 24. hxg4 Rh4 25. Bf3 Bg5 26. Kg2 Nf6 27. Kg3 e4 28.
dxe4 Nxe4+ 29. Bxe4 Rxe4 30. Ng1 Rhxg4+ 31. Kh3 Rh4+ 32. Kg3 Re3+ 33. Kf2 Rxc3
34. bxc5 Rxc5 35. Nf3 Rg4 {White resigns} 0-1

[Event "Team 45 45 League T98"]
[Site "Internet Chess Club"]
[Date "2023.11.30"]
[Round "3"]
[White "fireball"]
[Black "julesraider"]
[Result "1/2-1/2"]
[WhiteElo "1563"]
[BlackElo "1605"]
[Opening "Caro-Kann: classical variation"]
[ECO "B18"]
[Time "19:00:35"]
[PlyCount "128"]
[TimeControl "2700+45"]

1. e4 c6 2. d4 d5 3. Nc3 dxe4 4. Nxe4 Bf5 5. Ng3 Bg6 6. Bd3 Bxd3 7. Qxd3 e6 8.
Nf3 Nd7 9. O-O Ngf6 10. c4 Be7 11. Re1 O-O 12. Bf4 Re8 13. Rad1 a5 14. a3 Bf8
15. Ng5 h6 16. Nf3 c5 17. Ne5 cxd4 18. Nxd7 Qxd7 19. Be5 Be7 20. Bxd4 Qc6 21.
Ne4 Nxe4 22. Qxe4 Qxe4 23. Rxe4 Rad8 24. Ree1 Rc8 25. Rc1 Bg5 26. Be3 Bxe3 27.
Rxe3 Red8 28. Kf1 Rc5 29. Rb3 Rdc8 30. Rxb7 Rxc4 31. Rxc4 Rxc4 32. b4 axb4 33.
axb4 Rc2 34. Rb8+ Kh7 35. b5 Rb2 36. b6 h5 37. b7 Kg6 38. g3 Kf6 39. Kg2 g6 40.
Kf3 Ke5 41. Ke3 g5 42. Rg8 Rxb7 43. Rxg5+ Kf6 44. Rxh5 Kg6 45. Rc5 Ra7 46. h4
Ra4 47. f3 Ra3+ 48. Kf4 Ra4+ 49. Ke3 Ra3+ 50. Kf2 Ra2+ 51. Kg1 Ra3 52. Kg2 Ra2+
53. Kh3 Ra3 54. h5+ Kh6 55. f4 Re3 56. Kh4 Re1 57. Rg5 Rh1+ 58. Kg4 f5+ 59. Kf3
Rxh5 60. Rg8 Kh7 61. Re8 Rh6 62. Ke3 Kg7 63. Kd4 Kf7 64. Ra8 Kf6 {Game drawn by
mutual agreement} 1/2-1/2

[Event "Team 45 45 League T98"]
[Site "Internet Chess Club"]
[Date "2023.12.01"]
[Round "3"]
[White "Gilguli"]
[Black "vollmerj"]
[Result "0-1"]
[WhiteElo "1440"]
[BlackElo "1559"]
[Opening "Sicilian: closed"]
[ECO "B24"]
[Time "15:00:28"]
[PlyCount "80"]
[TimeControl "2700+45"]

1. e4 c5 2. Nc3 g6 3. g3 Bg7 4. Bg2 Nc6 5. f4 d6 6. Nf3 Nf6 7. O-O O-O 8. d3 Bg4
9. h3 Bd7 10. g4 e5 11. f5 Nd4 12. g5 Nxf3+ 13. Bxf3 Nh5 14. f6 Nxf6 15. gxf6
Bxf6 16. Bg2 Bg5 17. Nd5 Bc6 18. Bxg5 Qxg5 19. Nf6+ Kg7 20. Kh2 h5 21. Rg1 Qxf6
22. Bf3 Qf4+ 23. Kh1 Bd7 24. Qf1 Rh8 25. Qg2 Qh4 26. Raf1 Qxh3+ 27. Qxh3 Bxh3
28. Rf2 Bg4 29. Rgf1 f5 30. exf5 gxf5 31. Bxb7 Rab8 32. Bd5 Rxb2 33. Rg1 f4 34.
Bf3 Kf6 35. Bxg4 hxg4+ 36. Kg2 g3 37. Re2 Rh2+ 38. Kf3 Rxe2 39. Kxe2 Rxc2+ 40.
Kf3 Kf5 {White resigns} 0-1

[Event "Team 45 45 League T98"]
[Site "Internet Chess Club"]
[Date "2023.12.03"]
[Round "3"]
[White "seattleblues"]
[Black "rjhoro"]
[Result "1-0"]
[WhiteElo "1355"]
[BlackElo "1207"]
[Opening "QGD: Semi-Tarrasch defense"]
[ECO "D40"]
[Time "19:05:19"]
[PlyCount "55"]
[TimeControl "2700+45"]

1. d4 d5 2. Nf3 Nf6 3. c4 e6 4. Nc3 c5 5. Bf4 Nc6 6. Nb5 Qa5+ 7. Nd2 Kd7 8. e3
Ne8 9. cxd5 a6 10. dxe6+ fxe6 11. Na3 cxd4 12. Nc4 Qd8 13. Be2 e5 14. Nxe5+ Nxe5
15. Bxe5 dxe3 16. Nc4+ Nd6 17. Bg4+ Ke8 18. Bxc8 exf2+ 19. Kf1 Qxc8 20. Nxd6+
Bxd6 21. Bxd6 Qd7 22. Qe2+ Kf7 23. Qc4+ Ke8 24. Rd1 Rf8 25. Qe2+ Kf7 26. Bxf8
Qb5 27. Qxb5 axb5 28. Bb4 {Black resigns} 1-0